 Dungeon Crawl Stone Soup version 0.30.1-3-gfc49f6343a (webtiles) character file.

Game seed: 14854424584421720177

62 arthad the Covert (level 4, -1/41 HPs)
             Began as a Gnoll Delver on Aug 1, 2023.
             Slain by a gnoll
             ... wielding a +0 club
             ... led by a gnoll bouda
              (4 damage)
             ... on level 2 of the Dungeon.
             The game lasted 00:07:02 (1549 turns).

arthad the Covert (Gnoll Delver)                    Turns: 1549, Time: 00:07:03

Health: -1/41      AC:  3    Str: 11 (14) XL:     4   Next: 8%
Magic:  5/5        EV: 12    Int:  7 (9)  God:
Gold:   43         SH:  0    Dex: 11 (13) Spells: 5/5 levels left

rFire   + . .        a - +0 hand axe
rCold   + . .        (no shield)
rNeg    . . .        b - +0 leather armour
rPois   +            (no helmet)
rElec   +            (no cloak)
rCorr   +            (no gloves)
SInv    .            (no boots)
Will    .....        (no amulet)
Stlth   ++++         (no ring)
HPRegen 0.26/turn    (no ring)
MPRegen 0.09/turn

%: no passive effects
@: resistant
A: fangs 1, strong nose, distributed training
a: no special abilities


You were on level 2 of the Dungeon.
You visited 1 branch of the dungeon, and saw 5 of its levels.

You collected 43 gold pieces.

Inventory:

Hand Weapons
 a - a +0 hand axe (weapon)
Missiles
 h - 7 poisoned darts (quivered)
Armour
 b - a +0 leather armour (worn)
Jewellery
 l - a ring of protection from cold
Wands
 g - a wand of digging (3)
Scrolls
 c - a scroll of fog
 d - a scroll of magic mapping
 e - a scroll of fear
 j - 2 scrolls of immolation {unknown}
 k - 3 scrolls of identify {unknown}
 o - a scroll of poison {unknown}
 q - a scroll of noise {unknown}
Potions
 f - a potion of haste
 m - a potion of mutation {unknown}
 n - a potion of curing {unknown}
 p - a potion of resistance
 r - a potion of flight {unknown}


   Skills:
 + Level 6.6 Fighting
 + Level 1.0 Short Blades
 + Level 1.0 Long Blades
 + Level 4.6 Axes
 + Level 1.0 Maces & Flails
 + Level 1.0 Polearms
 + Level 1.0 Staves
 + Level 1.0 Ranged Weapons
 + Level 1.0 Throwing
 + Level 1.0 Armour
 + Level 4.6 Dodging
 + Level 9.6 Stealth
 + Level 1.0 Shields
 + Level 1.0 Unarmed Combat
 + Level 1.0 Spellcasting
 + Level 0.8 Conjurations
 + Level 0.8 Hexes
 + Level 0.8 Summonings
 + Level 0.8 Necromancy
 + Level 0.8 Translocations
 + Level 0.8 Transmutations
 + Level 0.8 Fire Magic
 + Level 0.8 Ice Magic
 + Level 0.8 Air Magic
 + Level 0.8 Earth Magic
 + Level 0.8 Poison Magic
 + Level 1.1 Invocations
 + Level 1.0 Evocations


You had 5 spell levels left.
You didn't know any spells.
Your spell library contained the following spells:

 Spells                   Type           Power      Damage    Failure   Level
 Beastly Appendage        Tmut           2%         N/A       36%         1
 Wereblood                Tmut           1%         N/A       52%         2
 Spider Form              Tmut/Pois      1%         N/A       75%         3
 Stone Arrow              Conj/Erth      2%         3d7       75%         3
 Animate Armour           Summ/Erth      2%         N/A       98%         4
 Lehudib's Crystal Spear  Conj/Erth      0%         10d2      100%        8


Dungeon Overview and Level Annotations

Branches:
Dungeon (5/15)
 Temple: D:4-7

Altars:
Cheibriados
Fedhas
Zin

Shops:
D:3 ==

Annotations:
D:3 Jessica


Innate Abilities, Weirdness & Mutations

You have very sharp teeth.
Your uncanny sense of smell can sniff out nearby items.
Your experience applies equally to all skills.


Message History

The adder hisses angrily.
You hear an angry hiss.
You hit the gnoll bouda.
You bite the gnoll bouda, but do no damage.
The gnoll bouda is moderately wounded.
You hit the gnoll. The gnoll bouda misses you. The gnoll misses you.
You slash the gnoll! Your bite misses the gnoll.
The gnoll is severely wounded.
You hit the adder. You barely miss the gnoll bouda.
The gnoll bouda hits you with a +0 club!
The adder bites you.
You closely miss the gnoll.
The gnoll is severely wounded.
You hit the gnoll but do no damage. You closely miss the adder.
You hit the gnoll bouda but do no damage.
The gnoll bouda gazes fiercely through you!
You feel your attacks grow feeble.
The gnoll bouda hits you with a +0 club.
The adder bites you. The gnoll hits you with a +0 flail!
* * * LOW HITPOINT WARNING * * *
The gnoll closely misses you.
You are too injured to fight recklessly!
There are monsters nearby!
As you read the scroll of fear, it crumbles to dust.
You assume a fearsome visage.
The gnoll bouda looks frightened!
The gnoll looks frightened! x3; The ball python looks frightened!
The adder looks frightened!
The ball python looks frightened!
Cornered, the gnoll turns to fight!
There is a stone staircase leading down here.
The gnoll attacks as you move away! The gnoll hits you but does no damage.
The gnoll attacks as you move away! The gnoll hits you with a +0 club.
* * * LOW HITPOINT WARNING * * *
The gnoll closely misses you.
It was a potion of resistance.
You feel protected.
Your attacks no longer feel as feeble.
The gnoll barely misses you.
It was a potion of degeneration.
There was something very wrong with that liquid.
You feel weakened.
You feel dopey.
You feel clumsy. The gnoll hits you with a +0 club.
You die...

........# #......###
....##..# #####....#
......... #.†..# ...######
########....# .........
............# ...###### ####
#########...# ....... #..
...........# #######
##+#+#.###########.#..#
#.....@...##########..# #
#.....g...........†...#
####.#.........###########.#
.........>.....'............
............(†.#############
..S...#.#.#...........#
..... #.#.#.#########.# ....
#.#.#.# ... ..#.#.#


You could see a gnoll (swift).

Vanquished Creatures
  An adder (D:2)
  2 dart slugs (D:1)
  4 ball pythons
  3 endoplasms
  2 giant cockroaches (D:1)
  3 hobgoblins
  10 jackals
  2 kobolds (D:1)
  A quokka (D:4)
  3 bats (D:1)
  3 frilled lizards (D:1)
  3 goblins (D:1)
  8 rats
45 creatures vanquished.

Notes
Turn   | Place    | Note
-------+----------+-------------------------------------------
     0 | D:5      | Reached skill level 9 in Stealth
     0 | D:5      | arthad the Gnoll Delver began the quest for the Orb.
     0 | D:5      | Reached XP level 1. HP: 23/23 MP: 1/1
    18 | D:5      | Found a snail-covered altar of Cheibriados.
    79 | D:5      | Noticed a hound
   167 | D:3      | Found Cuinywul's Jewellery Emporium.
   215 | D:3      | Found a blossoming altar of Fedhas.
   229 | D:3      | Noticed an orc wizard
   240 | D:3      | Found Kiummoce's Jewellery Emporium.
   261 | D:3      | Noticed an orc priest
   334 | D:3      | Found a glowing silver altar of Zin.
   446 | D:3      | Noticed Jessica
   585 | D:1      | Reached XP level 2. HP: 27/29 MP: 2/2
   710 | D:1      | Found a faded altar of an unknown god.
  1043 | D:1      | Reached XP level 3. HP: 35/35 MP: 3/3
  1182 | D:1      | Reached skill level 1 in Invocations
  1466 | D:2      | Reached skill level 1 in Short Blades
  1466 | D:2      | Reached skill level 1 in Long Blades
  1466 | D:2      | Reached skill level 1 in Maces & Flails
  1466 | D:2      | Reached skill level 1 in Polearms
  1466 | D:2      | Reached skill level 1 in Staves
  1466 | D:2      | Reached skill level 1 in Ranged Weapons
  1466 | D:2      | Reached skill level 1 in Throwing
  1466 | D:2      | Reached skill level 1 in Armour
  1466 | D:2      | Reached skill level 1 in Shields
  1466 | D:2      | Reached skill level 1 in Unarmed Combat
  1466 | D:2      | Reached skill level 1 in Spellcasting
  1466 | D:2      | Reached skill level 1 in Evocations
  1489 | D:2      | Reached XP level 4. HP: 38/41 MP: 5/5
  1547 | D:2      | HP: 2/41 [gnoll/+0 club[a gnoll bouda] (4)]
  1549 | D:2      | Slain by a gnoll

Illustrated notes

Levels and vault maps discovered:
D:1:      reono_arrival_forest_river, layout_basic, basic_ecumenical_altar
D:2:      layout_basic, uniq_sigmund, uniq_crazy_yiuf_cottage
D:3:      layout_basic, mainiacjoe_overflow_surrounded_room,
          mainiacjoe_overflow_alcove_1, serial_shops, shop, shop,
          nicolae_shop_advertising_works [nicolae_subvault_shop_adworks],
          nicolae_shop_crystal, shop, uniq_jessica
D:4:      layout_basic, cheibrodos_gnoll_hut
D:5:      layout_rooms, cheibriados_altar_1,
          yredelemnul_forgotten_temple_becter, nemelex_diamond_rough_becter,
          kennysheep_crisscross

Skill      XL: |  1  2  3 |
---------------+----------+-----
Stealth        | |  9.6
Invocations    | 1 |  1.1
Short Blades   | 1 |  1.0
Long Blades    | 1 |  1.0
Maces & Flails | 1 |  1.0
Polearms       | 1 |  1.0
Staves         | 1 |  1.0
Ranged Weapons | 1 |  1.0
Throwing       | 1 |  1.0
Armour         | 1 |  1.0
Shields        | 1 |  1.0
Unarmed Combat | 1 |  1.0
Spellcasting   | 1 |  1.0
Evocations     | 1 |  1.0
Fighting       | |  6.6
Axes           | |  4.6
Dodging        | |  4.6
Conjurations   | |  0.8
Hexes          | |  0.8
Summonings     | |  0.8
Necromancy     | |  0.8
Translocations | |  0.8
Transmutations | |  0.8
Fire Magic     | |  0.8
Ice Magic      | |  0.8
Air Magic      | |  0.8
Earth Magic    | |  0.8
Poison Magic   | |  0.8

Action                     |  1- 3 |  4- 6 || total
---------------------------+-------+-------++-------
  Melee: Hand axe          |    98 |    12 ||   110
         Bite              |     5 |     2 ||     7
  Throw: Dart              |    23 |       ||    23
    Use: Potion            |       |     2 ||     2
         Scroll            |       |     1 ||     1
   Stab: Sleeping          |    13 |     2 ||    15
 Armour: Leather armour    |    24 |     1 ||    25
  Dodge: Dodged            |    57 |    10 ||    67
